 Dungeon Crawl Stone Soup version 0.31-a0-256-g80acddb972 (webtiles) character file.

Game seed: 12772602087676420641

348 qw the Shooter (level 6, 0/52 HPs)
             Began as a Minotaur Hexslinger on July 12, 2023.
             Was an Initiate of Okawaru.
             Slain by an orc warrior
             ... wielding a +0 trident
              (7 damage)
             ... on level 4 of the Dungeon.
             The game lasted 00:01:15 (3096 turns).

qw the Shooter (Minotaur Hexslinger)                Turns: 3096, Time: 00:01:15

Health: 0/52       AC:  6    Str: 13    XL:     6   Next: 33%
Magic:  6/6        EV: 11    Int: 10    God:    Okawaru [......]
Gold:   154        SH:  0    Dex: 14    Spells: 6/7 levels left

rFire   . . .        Y - +1 shortbow (freeze)
rCold   . . .        (shield currently unavailable)
rNeg    . . .        d - +0 ring mail
rPois   .            (helmet restricted)
rElec   .            b - +0 cloak
rCorr   .            (no gloves)
SInv    .            (no boots)
Will    .....        (no amulet)
Stlth   +            (no ring)
HPRegen 0.28/turn    (no ring)
MPRegen 0.10/turn

%: no passive effects
@: no status effects
A: horns 2, retaliatory headbutt
a: Renounce Religion


You were on level 4 of the Dungeon.
You worshipped Okawaru.
Okawaru was noncommittal.
You visited 2 branches of the dungeon, and saw 5 of its levels.

You collected 154 gold pieces.


Innate Abilities, Weirdness & Mutations

You have a pair of horns on your head.
You reflexively headbutt those who attack you in melee.


   Skills:
 - Level 4.0 Fighting
 + Level 6.3 Ranged Weapons
 - Level 1.2 Armour
 - Level 2.1 Dodging
 - Level 1.0 Spellcasting
 - Level 2.0 Hexes


You had 6 spell levels left.
You knew the following spells:

 Your Spells              Type           Power      Damage    Failure   Level
a - Slow                  Hex            16%        N/A       32%         1

Your spell library contained the following spells:

 Spells                   Type           Power      Damage    Failure   Level
 Inner Flame              Hex/Fire       2%         N/A       82%         3
 Portal Projectile        Hex/Tloc       4%         N/A       82%         3
 Cause Fear               Hex            2%         N/A       97%         4

Inventory:

Hand Weapons
 Y - a +1 shortbow of freezing (weapon)
Armour
 b - a +0 cloak (worn)
 d - a +0 ring mail (worn)
 j - a +0 pair of gloves
Wands
 f - a wand of digging (2)
Scrolls
 a - a scroll of noise {unknown}
 g - 2 scrolls of identify
 k - a scroll of immolation {unknown}
Potions
 c - a potion of might {unknown}
 e - a potion of curing
 h - a potion of haste

Dungeon Overview and Level Annotations

Branches:
Dungeon (4/15)             Temple (1/1) D:4

Altars:
Ashenzari
Cheibriados
Dithmenos
Gozag
Okawaru
Qazlal
Sif Muna
Trog
Vehumet
Xom
Yredelemnul
Zin
The Shining One

Shops:
D:1 !

Annotations:
D:2 1 runed translucent door, Crazy Yiuf


Message History

The orc warrior throws a boomerang.
The boomerang hits you.
You shoot an arrow.
The arrow hits the orc warrior but does no damage.
The orc warrior is lightly wounded.
The orc warrior throws a boomerang.
The boomerang hits you. The orc warrior barely misses you.
You shoot an arrow.
The arrow closely misses the orc warrior.
The orc warrior throws a boomerang.
The boomerang hits you!
You shoot an arrow.
The arrow barely misses the orc warrior.
The orc warrior hits you from afar with a +0 trident.
You shoot an arrow.
The arrow barely misses the orc warrior.
The orc warrior throws a boomerang.
The boomerang barely misses you.
You shoot an arrow. The arrow hits the orc warrior.
The arrow freezes the orc warrior.
The orc warrior is lightly wounded.
The orc warrior closely misses you.
You shoot an arrow.
The arrow hits the orc warrior but does no damage.
The orc warrior is lightly wounded.
The orc warrior throws a boomerang.
The boomerang barely misses you. The orc warrior misses you.
You shoot an arrow.
The arrow barely misses the orc warrior.
The orc warrior barely misses you.
You shoot an arrow.
The arrow hits the orc warrior but does no damage.
The orc warrior is lightly wounded.
The orc warrior throws a boomerang.
The boomerang hits you but does no damage.
You shoot an arrow.
The arrow hits the orc warrior but does no damage.
The orc warrior is lightly wounded.
The orc warrior throws a boomerang.
The boomerang hits you!
You shoot an arrow.
The arrow barely misses the orc warrior.
The orc warrior hits you from afar with a +0 trident!
You die...

### [..# ####.[..#
#.@))...# #.##o...#
##.# ...# ####..#
### #.....########.
#................
#............#..#
###........####.####
######...#..##
#.....# #


You could see an orc warrior.

Vanquished Creatures
  Sigmund (D:2)
  A hound (D:4)
  An orc wizard (D:4)
  4 adders
  4 worms
  3 dart slugs
  4 orcs (D:4)
  7 ball pythons
  8 endoplasms
  2 giant cockroaches
  9 goblins
  5 hobgoblins
  8 jackals
  5 kobolds
  A quokka (D:2)
  7 bats
  4 frilled lizards
  4 rats
78 creatures vanquished.

Notes
Turn   | Place    | Note
-------+----------+-------------------------------------------
     0 | D:1      | qw the Minotaur Hexslinger began the quest for the Orb.
     0 | D:1      | Reached XP level 1. HP: 16/16 MP: 1/1
     0 | D:1      | 0 ||| qw: Version: 0.3-a-52-g30416fa
     0 | D:1      | 0 ||| qw: Game counter: 6733
     0 | D:1      | 0 ||| qw: Melee chars always use a shield: true
     0 | D:1      | 0 ||| qw: God list: Okawaru
     0 | D:1      | 0 ||| qw: Allow faded altars: false
     0 | D:1      | 0 ||| qw: Do Orc after clearing Dungeon:15 true
     0 | D:1      | 0 ||| qw: Do second Lair branch before Depths: true
     0 | D:1      | 0 ||| qw: Lair rune preference: random
     0 | D:1      | 0 ||| qw: Goals: Normal
     0 | D:1      | 0 ||| PLANNING D:1-11
   110 | D:1      | Reached skill level 3 in Ranged Weapons
   110 | D:1      | Reached XP level 2. HP: 14/23 MP: 2/2
   112 | D:1      | 112 ||| FLEEEEING.
   114 | D:1      | 114 ||| FLEEEEING.
   115 | D:1      | 115 ||| FLEEEEING.
   116 | D:1      | 116 ||| FLEEEEING.
   117 | D:1      | 117 ||| FLEEEEING.
   118 | D:1      | 118 ||| FLEEEEING.
   119 | D:1      | 119 ||| FLEEEEING.
   120 | D:1      | 120 ||| FLEEEEING.
   121 | D:1      | 121 ||| FLEEEEING.
   122 | D:1      | 122 ||| FLEEEEING.
   123 | D:1      | 123 ||| FLEEEEING.
   124 | D:1      | 124 ||| FLEEEEING.
   125 | D:1      | 125 ||| FLEEEEING.
   126 | D:1      | 126 ||| FLEEEEING.
   127 | D:1      | 127 ||| FLEEEEING.
   128 | D:1      | 128 ||| FLEEEEING.
   129 | D:1      | 129 ||| FLEEEEING.
   130 | D:1      | 130 ||| FLEEEEING.
   131 | D:1      | 131 ||| FLEEEEING.
   132 | D:1      | 132 ||| FLEEEEING.
   133 | D:1      | 133 ||| FLEEEEING.
   134 | D:1      | 134 ||| FLEEEEING.
   135 | D:1      | 135 ||| FLEEEEING.
   136 | D:1      | 136 ||| FLEEEEING.
   137 | D:1      | 137 ||| FLEEEEING.
   138 | D:1      | 138 ||| FLEEEEING.
   139 | D:1      | 139 ||| FLEEEEING.
   140 | D:1      | 140 ||| FLEEEEING.
   141 | D:1      | 141 ||| FLEEEEING.
   142 | D:1      | 142 ||| FLEEEEING.
   143 | D:1      | 143 ||| FLEEEEING.
   144 | D:1      | 144 ||| FLEEEEING.
   145 | D:1      | 145 ||| FLEEEEING.
   146 | D:1      | 146 ||| FLEEEEING.
   147 | D:1      | 147 ||| FLEEEEING.
   148 | D:1      | 148 ||| FLEEEEING.
   367 | D:1      | Found Miteosio's Distillery.
   380 | D:1      | 380 ||| SHOPLISTING potion of curing (36 gold, have 0).
   380 | D:1      | 380 ||| SHOPLISTING potion of enlightenment (60 gold, have
                  | 0).
   380 | D:1      | 380 ||| SHOPLISTING potion of haste (120 gold, have 0).
   394 | D:1      | 394 ||| SWAPPING to +0 shortbow.
   395 | D:1      | 395 ||| DROPPING +1 sling.
   789 | D:1      | 789 ||| UPGRADING to +0 ring mail.
   799 | D:1      | 799 ||| DROPPING +0 robe.
   800 | D:1      | 800 ||| READING scroll labelled UREXEM NAHIQ.
   801 | D:1      | 801 ||| READING scroll labelled XOINWELOTAY.
   802 | D:1      | 802 ||| DRINKING 2 metallic grey potions.
   907 | D:1      | 907 ||| DROPPING scroll of poison.
   908 | D:1      | 908 ||| DROPPING potion of berserk rage.
   935 | D:2      | Reached XP level 3. HP: 29/29 MP: 3/3
  1008 | D:2      | Reached skill level 4 in Ranged Weapons
  1017 | D:2      | Reached skill level 1 in Armour
  1027 | D:2      | 1027 ||| FLEEEEING.
  1121 | D:2      | Reached XP level 4. HP: 33/36 MP: 4/4
  1155 | D:2      | Noticed Sigmund
  1160 | D:2      | Killed Sigmund
  1161 | D:2      | Reached skill level 6 in Ranged Weapons
  1161 | D:2      | Reached XP level 5. HP: 41/41 MP: 5/5
  1462 | D:2      | Found a runed translucent door.
  1463 | D:2      | Noticed Crazy Yiuf
  1875 | D:2      | 1875 ||| READING scroll labelled YQAGHEOVIA.
  1976 | D:2      | 1976 ||| READING scroll labelled TUYTY MOACID.
  1977 | D:2      | 1977 ||| READING scroll labelled HAIKHL FATS.
  1978 | D:2      | 1978 ||| READING scroll labelled OLUSOW TEALE.
  1979 | D:2      | 1979 ||| READING scroll labelled VODURU EWIUNUN.
  1980 | D:2      | 1980 ||| DRINKING 2 amethyst potions.
  1981 | D:2      | 1981 ||| DRINKING 2 blue potions.
  2189 | D:3      | Found an opulent altar of Gozag.
  2225 | D:3      | Found a shimmering altar of Xom.
  2400 | D:3      | 2400 ||| FLEEEEING.
  2556 | D:3      | 2556 ||| UPGRADING to +0 cloak.
  2561 | D:3      | 2561 ||| READING scroll labelled ONATTO TYLU.
  2562 | D:3      | 2562 ||| DRINKING 2 fizzy red potions.
  2563 | D:3      | 2563 ||| READING 2 scrolls of identify.
  2563 | D:3      | 2563 ||| IDENTIFYING sapphire potion
  2564 | D:3      | 2564 ||| DROPPING potion of brilliance.
  2585 | D:4      | Found a staircase to the Ecumenical Temple.
  2586 | D:4      | 2586 ||| PLANNING TEMPLE
  2586 | D:4      | 2586 ||| STAIRDANCE
  2590 | D:4      | 2590 ||| STAIRDANCE
  2594 | D:4      | 2594 ||| STAIRDANCE
  2598 | D:4      | 2598 ||| STAIRDANCE
  2602 | D:4      | 2602 ||| STAIRDANCE
  2615 | Temple   | Entered the Ecumenical Temple
  2632 | Temple   | 2632 ||| PLANNING OKAWARU WORSHIP
  2815 | Temple   | Became a worshipper of Warmaster Okawaru
  2816 | Temple   | 2816 ||| PLANNING D:1-11
  2858 | D:4      | Reached XP level 6. HP: 50/50 MP: 6/6
  2886 | D:4      | Reached skill level 3 in Fighting
  2932 | D:4      | Found a radiant altar of Vehumet.
  2932 | D:4      | Found a glowing golden altar of the Shining One.
  3071 | D:4      | Noticed an orc warrior
  3085 | D:4      | HP: 7/52 [orc warrior/+0 trident (13)]
  3086 | D:4      | 3086 ||| DRINKING potion of heal wounds.
  3095 | D:4      | HP: 7/52 [orc warrior/boomerang (11)]
  3096 | D:4      | Slain by an orc warrior

Levels and vault maps discovered:
D:1:      arrival_zaba_pyramid, layout_loops_ring, serial_shops, shop
D:2:      layout_basic, kennysheep_generic_room_10, uniq_crazy_yiuf_cottage,
          uniq_sigmund
D:3:      minmay_general_purpose_star, layout_basic,
          nicolae_overflow_crystal_walls, nicolae_gozag_seed_capital,
          minmay_misc_feat_tiny
D:4:      layout_cave_pools, gammafunk_temple_overflow_elements,
          minmay_temple_entry_overgrown, gammafunk_ghost_smash,
          nicolae_nh_ransacked_shop
Temple:   chequers_temple_sunken

Skill      XL: |  1  2  3  4  5  6 |
---------------+-------------------+-----
Ranged Weapons | 3 4 6 |  6.3
Fighting       | 2 4 |  4.0
Armour         | 1 |  1.2
Dodging        | |  2.1
Spellcasting   | |  1.0
Hexes          | |  2.0

Action                     |  1- 3 |  4- 6 || total
---------------------------+-------+-------++-------
   Fire: Sling             |    41 |       ||    41
         Shortbow          |    66 |   123 ||   189
    Use: Scroll            |     2 |     7 ||     9
         Potion            |     1 |     4 ||     5
 Armour: Robe              |     6 |       ||     6
         Ring mail         |     9 |    20 ||    29
  Dodge: Dodged            |    22 |    33 ||    55

Table legend:
 A = Non-vault XP
 B = Vault XP
 C = Vault XP percentage of total XP
 D = Non-vault monster count
 E = Vault monster count
 F = Vault count percentage of total count
                 A         B        C        D         E       F
            +---------+---------+-------+---------+---------+-------
      Total |     222 |     276 |  55.4 |      68 |      10 |  12.8
            +---------+---------+-------+---------+---------+-------
        D:1 |      40 |       0 |   0.0 |      25 |       0 |   0.0
        D:2 |      67 |     226 |  77.1 |      18 |       1 |   5.3
        D:3 |      27 |       8 |  22.9 |      11 |       5 |  31.2
        D:4 |      88 |      42 |  32.3 |      14 |       4 |  22.2
            +---------+---------+-------+---------+---------+-------
